 Dungeon Crawl Stone Soup version 0.27.0-1-g7a089689b8 (webtiles) character file.

Game seed: 1161400204444267721

1012 EnegeticOcto the Chopper (level 8, -3/73 HPs)
             Began as a Deep Dwarf Fighter on Aug 2, 2021.
             Slain by an ogre (28 damage)
             ... on level 6 of the Dungeon.
             The game lasted 00:01:33 (2998 turns).

EnegeticOcto the Chopper (Deep Dwarf Fighter)       Turns: 2998, Time: 00:01:34

Health: -3/73      AC:  8    Str: 23    XL:     8   Next: 1%
Magic:  5/5        EV:  8    Int:  8    God:
Gold:   136        SH: 10    Dex: 12    Spells: 7/7 levels left

rFire    . . .     SeeInvis .   p - +0 hand axe (elec)
rCold    . . .     Faith    .   c - +0 kite shield
rNeg     . . .     Spirit   .   b - +0 scale mail
rPois    .         Reflect  .   l - +0 helmet
rElec    .         Harm     .   (no cloak)
rCorr    .         Rampage  .   (no gloves)
Will     +....                  (no boots)
Stlth    ..........             (no amulet)
HPRegen  0.00/turn              (no ring)
MPRegen  0.09/turn              (no ring)

@: no status effects
A: damage resistance, heal wounds, sense surroundings 1, no regeneration
a: Heal Wounds


You were on level 6 of the Dungeon.
You visited 1 branch of the dungeon, and saw 6 of its levels.

You collected 136 gold pieces.

Inventory:

Hand Weapons
 a - a +0 war axe
 p - a +0 hand axe of electrocution (weapon)
Missiles
 j - 2 curare-tipped darts
Armour
 b - a +0 scale mail (worn)
 c - a +0 kite shield (worn)
 l - a +0 helmet (worn)
Wands
 n - a wand of digging (3) {@v3}
Scrolls
 g - 2 scrolls of identify {unknown}
 h - 3 scrolls of enchant armour {unknown}
 i - a scroll of fear {unknown}
 o - a scroll of teleportation {unknown}
 t - a scroll of blinking {unknown}
Potions
 d - a potion of might {@q3}
 e - a potion of berserk rage {unknown}
 f - 3 potions of curing {unknown}
 k - 2 potions of heal wounds {@q2}
 m - a potion of mutation {unknown}
 q - 2 potions of invisibility {unknown}
 r - a potion of brilliance {unknown}
 s - a potion of ambrosia {unknown}


   Skills:
 + Level 4.6 Fighting
 * Level 6.7 Axes
 + Level 5.6 Armour
 + Level 5.5 Shields


You had 7 spell levels left.
You didn't know any spells.
Your spell library was empty.

Dungeon Overview and Level Annotations

Branches:
Dungeon (5/15)
 Temple: D:4-7

Altars:
Cheibriados
Elyvilon
Fedhas
Sif Muna


Innate Abilities, Weirdness & Mutations

You are resistant to damage.
You can heal yourself by infusing magical energy.
You passively map a small area around you.
You do not regenerate.


Message History

Found 16 stones.
You see here 18 stones.
k - 2 potions of heal wounds {@q2} (gained 1)
An ice beast comes into view.
An ice beast is nearby!
An ice beast is nearby!
An ice beast is nearby!
An ice beast is nearby!
An ice beast is nearby!
An ice beast is nearby!
An ogre comes into view. It is wielding a +0 giant club.
The ogre shouts!
The ogre moves out of view.
A black bear comes into view.
The ogre hits you with a +0 giant club! You block the ice beast's attack.
You hit the ogre but do no damage. You closely miss the ice beast.
You block the ice beast's attack. You block the ogre's attack.
You hit the ogre.
The ogre is lightly wounded.
You barely miss the ice beast. You block the ice beast's attack.
The ogre barely misses you.
You barely miss the ogre.
The ogre is lightly wounded.
You hit the ice beast but do no damage. You block the ice beast's attack.
The ogre hits you with a +0 giant club!!
The ice beast hits you. The ice beast freezes you!
* * * LOW HITPOINT WARNING * * *
You are too injured to fight recklessly!
You are too injured to fight recklessly!
You are too injured to fight recklessly!
You are too injured to fight recklessly!
You are too injured to fight recklessly!
You are too injured to fight recklessly!
You are too injured to fight recklessly!
You are too injured to fight recklessly!
There are monsters nearby!
You feel much better. You block the ice beast's attack.
You feel much better.
The black bear bites you but does no damage.
You block the black bear's attack. The black bear barely misses you.
You hit the black bear.
The black bear is lightly wounded.
The black bear bites you but does no damage.
The black bear claws you but does no damage.
The black bear closely misses you. You block the black bear's attack.
The black bear closely misses you. You block the black bear's attack.
Your scale mail prevents you from hitting the black bear.
The black bear is lightly wounded.
The black bear bites you but does no damage.
The black bear claws you but does no damage. x2
You hit the black bear but do no damage.
The black bear is lightly wounded.
The black bear barely misses you. You block the black bear's attack. x2
You slash the black bear!
The black bear is moderately wounded.
The black bear bites you but does no damage.
The black bear claws you. The black bear barely misses you.
You hit the black bear but do no damage.
Lightning courses through the black bear!
The black bear is almost dead.
The black bear bites you but does no damage.
You block the black bear's attack.
The black bear claws you but does no damage.
You slash the black bear!
You kill the black bear!
You block the ice beast's attack.
You slash the ice beast!
The ice beast is moderately wounded.
The ice beast hits you but does no damage.
You hit the ice beast but do no damage.
Lightning courses through the ice beast!
The ice beast is almost dead.
The ice beast closely misses you.
You slash the ice beast!
You kill the ice beast!
You have reached level 8!
You feel stronger.
You hit the ogre.
The ogre is lightly wounded.
The ogre hits you with a +0 giant club!
You barely miss the ogre.
The ogre is lightly wounded.
The ogre hits you with a +0 giant club!!
You are too injured to fight recklessly!
You are too injured to fight recklessly!
You are too injured to fight recklessly!
You are too injured to fight recklessly!
You are too injured to fight recklessly!
You are too injured to fight recklessly!
You are too injured to fight recklessly!
You are too injured to fight recklessly!
You are too injured to fight recklessly!
You are too injured to fight recklessly!
You are too injured to fight recklessly!
You are too injured to fight recklessly!
You are too injured to fight recklessly!
You are too injured to fight recklessly!
You fail to use your ability.
The ogre hits you with a +0 giant club!!
You die...

.......##....# ,
.......##....# ,... ,
##.#.........# ...
#.#####.....#####
.... #.# #..........
..... , #.# #......##
##..... ** #.#
#..(...### .......
#.# *
#........##.......
#.#
#.....####.@O.......,
#.# #.##..#
####....... , #.#
#.#...# *......., #..
...(#.# *,....### * ,
, , ...###.# #.###
#.. #.# * .# * ,.. ,
.. , .# * , .. , ,, *
, , ,


You could see an ogre.

Vanquished Creatures
  2 black bears
  An ice beast (D:6)
  A centaur (D:3)
  A necrophage (D:3)
  An ogre (D:5)
  An orc priest (D:4)
  3 hounds
  Ijyb (D:5)
  An iguana (D:4)
  Natasha (twice) (D:3)
  An orc wizard (D:4)
  2 hound skeletons
  Robin (D:3)
  7 gnolls
  5 adders
  An adder skeleton (D:4)
  A worm (D:3)
  11 orcs
  4 ball pythons
  8 bats
  5 endoplasms
  3 giant cockroaches
  10 goblins
  7 hobgoblins
  4 jackals (D:2)
  8 kobolds
  A quokka (D:3)
  2 frilled lizards (D:1)
  3 rats
98 creatures vanquished.

Notes
Turn   | Place    | Note
-------+----------+-------------------------------------------
     0 | D:1      | EnegeticOcto the Deep Dwarf Fighter began the quest for the
                  | Orb.
     0 | D:1      | Reached XP level 1. HP: 20/20 MP: 1/1
   125 | D:1      | Reached XP level 2. HP: 24/27 MP: 2/2
   324 | D:1      | Found a faded altar of an unknown god.
  1063 | D:2      | Reached skill level 3 in Axes
  1063 | D:2      | Reached XP level 3. HP: 26/34 MP: 3/3
  1630 | D:3      | Reached XP level 4. HP: 25/42 MP: 4/4
  1682 | D:3      | Noticed a centaur
  1695 | D:3      | Killed a centaur
  1696 | D:3      | Reached skill level 4 in Axes
  1696 | D:3      | Reached XP level 5. HP: 32/49 MP: 4/4
  1737 | D:3      | Noticed Robin
  1765 | D:3      | Killed Robin
  2159 | D:3      | Noticed a necrophage
  2165 | D:3      | Killed a necrophage
  2166 | D:3      | Reached XP level 6. HP: 52/57 MP: 4/4
  2267 | D:3      | Noticed Natasha
  2274 | D:3      | Killed Natasha
  2275 | D:3      | Reached skill level 5 in Axes
  2333 | D:3      | Noticed Natasha
  2351 | D:3      | Killed Natasha
  2444 | D:4      | Found a shimmering blue altar of Sif Muna.
  2657 | D:4      | Found a blossoming altar of Fedhas.
  2657 | D:4      | Found a white marble altar of Elyvilon.
  2659 | D:4      | Found a snail-covered altar of Cheibriados.
  2746 | D:4      | Reached XP level 7. HP: 41/64 MP: 5/5
  2806 | D:5      | Entered Level 5 of the Dungeon
  2822 | D:5      | Reached skill level 5 in Armour
  2822 | D:5      | Reached skill level 5 in Shields
  2830 | D:5      | Reached skill level 6 in Axes
  2887 | D:5      | Noticed Ijyb
  2899 | D:5      | Killed Ijyb
  2946 | D:5      | You fall into a shaft and drop 1 floor!
  2996 | D:6      | Reached XP level 8. HP: 56/73 MP: 5/5
  2998 | D:6      | Slain by an ogre

Illustrated notes

Levels and vault maps discovered:
D:1:      lemuel_arrival_funnel, layout_basic,
          hellmonk_ecumenical_altar_heavens_door, corexii_corridor_pit
D:2:      layout_loops_ring, nrook_campfire, kennysheep_doodads
D:3:      layout_basic, uniq_natasha, uniq_robin
D:4:      layout_basic, grunt_temple_overflow_open
D:5:      layout_gridville, vehumet_altar_wand_db, dk_rats_in_the_wall,
          uniq_grinder, uniq_ijyb
D:6:      minmay_chambers_of_sixes, layout_rooms,
          nicolae_overflow_hidden_temple, chequers_decorated_corner

Skill      XL: |  1  2  3  4  5  6  7 |
---------------+----------------------+-----
Fighting       | 3 4 |  4.6
Axes           | 3 4 5 6 |  6.7
Armour         | 4 5 |  5.6
Shields        | 4 5 |  5.5

Action                   |  1- 3 |  4- 6 |  7- 9 || total
-------------------------+-------+-------+-------++-------
Melee: War axe           |    99 |   131 |       ||   230
       Hand axe          |       |    18 |    59 ||    77
 Abil: Heal Wounds       |       |     7 |     5 ||    12
Armor: Scale mail        |    63 |    90 |    39 ||   192
Dodge: Dodged            |    40 |    58 |    17 ||   115
Block: Kite shield       |    65 |   102 |    50 ||   217
